 Dungeon Crawl Stone Soup version 0.21-a0-265-gb353147 (webtiles) character file.

436 Jail the Chucker (level 7, -6/71 HPs)
             Began as an Ogre Hunter on Sept 10, 2017.
             Mangled by an ice beast (10 damage)
             ... on level 5 of the Dungeon.
             The game lasted 00:14:13 (4721 turns).

Jail the Chucker (Ogre Hunter)                      Turns: 4721, Time: 00:14:13

Health: -6/71      AC:  4    Str: 16 (19) XL:     7   Next: 1%
Magic:  7/7        EV: 18    Int: 11 (14) God:
Gold:   247        SH:  0    Dex: 11 (14) Spells: 6/6 levels left

rFire    . . .     SeeInvis .   v - +0 mace
rCold    . . .     Gourm    .   (no shield)
rNeg     . . .     Faith    .   b - +1 robe
rPois    .         Spirit   .   (helmet restricted)
rElec    .         Reflect  .   (no cloak)
rCorr    .         Harm     .   (gloves unavailable)
MR       +....     Clarity  +   (boots unavailable)
Stlth    ++........             (no amulet)
HPRegen  0.21/turn              (no ring)
MPRegen  0.10/turn              (no ring)

@: agile
A: unfitting armour, repulsion field 1, clarity, clever 1, magic resistance 1,
tough skin 1
a: no special abilities


You were on level 5 of the Dungeon.
You were hungry.

You visited 1 branch of the dungeon, and saw 5 of its levels.

You collected 247 gold pieces.

Inventory:

Hand Weapons
 a - a +0 short sword
 u - a +0 flail
 v - a +0 mace (weapon)
Armour
 b - a +1 robe (worn)
Jewellery
 k - an uncursed ring of fire
 n - an uncursed ring of fire
 y - an uncursed ring of protection from cold {unknown}
Wands
 o - a wand of polymorph (24/24)
Scrolls
 e - 3 scrolls of remove curse
 g - a scroll of amnesia
 h - a scroll of enchant armour
 i - a scroll of recharging
 j - 5 scrolls of identify
 q - 3 scrolls of teleportation
Potions
 m - a potion of flight
 s - a potion of might
 t - 2 potions of heal wounds
Comestibles
 f - 3 bread rations
 l - 4 meat rations


   Skills:
 * Level 4.9 Fighting
 * Level 3.1 Maces & Flails
 + Level 5.1 Throwing
 * Level 3.8 Dodging
 - Level 0.6 Stealth


You had 6 spell levels left.
You didn't know any spells.

Dungeon Overview and Level Annotations

Branches:
Dungeon (5/15)
 Temple: D:4-7

Altars:


Innate Abilities, Weirdness & Mutations

You are too large for most types of armour.
You have tough skin. (AC +1)
You are surrounded by a mild repulsion field. (EV +2)
You possess an exceptional clarity of mind.
Your mind is acute. (Int +2)
You are resistant to hostile enchantments. (MR+)


Message History

The ice beast hits you. The ice beast freezes you!
You hit the ice beast but do no damage.
The ice beast is almost dead.
The ice beast hits you. The ice beast freezes you!
* * * LOW HITPOINT WARNING * * *
You hit the ice beast.
The ice beast is almost dead.
The ice beast closely misses you. x2
You closely miss the ice beast.
The ice beast is almost dead.
You float gracefully downwards.
The ice beast hits you.
* * * LOW HITPOINT WARNING * * *
The ice beast freezes you!
* * * LOW HITPOINT WARNING * * *
You closely miss the ice beast.
The ice beast is almost dead.
The ice beast hits you.
* * * LOW HITPOINT WARNING * * *
The ice beast freezes you!
You die...

.# #####.# ...
#...#.# ...#
######.#.#.# ...#.
#@Y.....(#.##.....
######.##..(....#
#...........
###....#...
...#.(.(# #......#
###.#..# #.#..#
.%.....


You could see an ice beast.

Vanquished Creatures
  A water moccasin zombie (D:5)
  A hound (D:4)
  3 worker ants
  A hound skeleton (D:4)
  A mummy (D:5)
  A howler monkey zombie (D:5)
  7 gnolls
  10 adders
  An ooze (D:2)
  A worm (D:2)
  2 dart slugs
  3 leopard geckos
  5 orcs (D:3)
  2 ball pythons
  7 bats (D:1)
  5 giant cockroaches
  10 goblins
  4 hobgoblins
  4 jackals (D:1)
  3 quokkas
  A jackal skeleton (D:4)
  8 kobolds
  5 rats
86 creatures vanquished.

Vanquished Creatures (others)
  A fungus (D:5)
1 creature vanquished.

Grand Total: 87 creatures vanquished

Notes
Turn   | Place    | Note
-------+----------+-------------------------------------------
     0 | D:1      | Jail the Ogre Hunter began the quest for the Orb.
     0 | D:1      | Reached XP level 1. HP: 22/22 MP: 1/1
   264 | D:1      | Reached XP level 2. HP: 23/31 MP: 2/2
   956 | D:1      | Reached XP level 3. HP: 34/37 MP: 3/3
  1403 | D:2      | Reached skill level 1 in Maces & Flails
  1731 | D:2      | Reached XP level 4. HP: 18/48 MP: 4/4
  2265 | D:3      | Reached XP level 5. HP: 54/54 MP: 5/5
  3217 | D:4      | Reached skill level 5 in Throwing
  3231 | D:4      | Reached XP level 6. HP: 54/63 MP: 6/6
  4308 | D:5      | Entered Level 5 of the Dungeon
  4439 | D:5      | Noticed an ice beast
  4459 | D:4      | Reached XP level 7. HP: 21/71 MP: 7/7
  4701 | D:4      | Gained mutation: Your natural rate of healing is unusually fast. [potion of mutation]
  4701 | D:4      | Gained mutation: You have a pair of small horns on your head. [potion of mutation]
  4702 | D:4      | Lost mutation: You have a pair of small horns on your head. [potion of mutation]
  4702 | D:4      | Lost mutation: Your natural rate of healing is unusually fast. [potion of mutation]
  4702 | D:4      | Gained mutation: Your mind is acute. (Int +2) [potion of mutation]
  4702 | D:4      | Gained mutation: You possess an exceptional clarity of mind. [potion of mutation]
  4702 | D:4      | Gained mutation: You are surrounded by a mild repulsion field. (EV +2) [potion of mutation]
  4702 | D:4      | Gained mutation: You are resistant to hostile enchantments. (MR+) [potion of mutation]
  4721 | D:5      | Mangled by an ice beast

Vault maps used:
D:1:      sevenhm_arrival_forest_fort_small_6
D:4:      eino_small_chamber_without_monster
D:5:      kennysheep_steamy, serial_shops, shop, nicolae_ossuary_entry_giza,
          first_bread, uniq_blork_the_orc, uniq_grinder

Skill      XL: |  1  2  3  4  5  6 |
---------------+-------------------+-----
Fighting       | 3 4 |  4.9
Dodging        | 2 3 |  3.8
Maces & Flails | 1 2 3 |  3.1
Throwing       | 5 |  5.1
Stealth        | |  0.6

Action                   |  1- 3 |  4- 6 |  7- 9 || total
-------------------------+-------+-------+-------++-------
Melee: Short sword       |   117 |    30 |       ||   147
       Club              |    33 |       |       ||    33
       Mace              |       |   135 |    14 ||   149
Throw: Large rock        |    10 |    28 |       ||    38
       Throwing net      |       |     1 |     2 ||     3
  Use: Scroll            |       |     8 |       ||     8
       Potion            |       |       |     7 ||     7
 Stab: Sleeping          |     1 |     1 |       ||     2
       Held in net/web   |       |     1 |       ||     1
  Eat: Chunk             |     3 |     9 |       ||    12
Armor: Robe              |    82 |    52 |     4 ||   138
Dodge: Dodged            |   121 |   108 |     9 ||   238

Table legend:
 A = Spawn XP
 B = Non-spawn XP
 C = Spawn XP percentage of total XP
 D = Spawn monster count
 E = Non-spawn monster count
 F = Spawn count percentage of total count
 G = Total turns spent on level
                    A         B        C        D         E        F      G
               +---------+---------+-------+---------+---------+-------+---------
         Total |       0 |     623 |   0.0 |       0 |      86 |   0.0 |  4721
               +---------+---------+-------+---------+---------+-------+---------
           D:1 |       0 |      45 |   0.0 |       0 |      28 |   0.0 |  1289
           D:2 |       0 |      51 |   0.0 |       0 |      11 |   0.0 |   873
           D:3 |       0 |     176 |   0.0 |       0 |      25 |   0.0 |  1047
           D:4 |       0 |     188 |   0.0 |       0 |      15 |   0.0 |  1350
           D:5 |       0 |     163 |   0.0 |       0 |       7 |   0.0 |   162
               +---------+---------+-------+---------+---------+-------+---------
